[Event "Titled Tuesday Blitz August 15 Early 2023"]
[White "Kazakouski, Valery"]
[Black "Thecourseoisildur"]
[WhiteFideId "13507443"]
[WhiteElo "2915"]
[BlackElo "2552"]
[Result "1-0"]
[Round "2"]
[TimeControl "180+1"]
[Date "2023.08.15"]
[WhiteClock "0:01:46"]
[BlackClock "0:00:00"]
[Board "39"]

1. Nf3 Nf6 2. c4 g6 3. g3 Bg7 4. Bg2 O-O 5. O-O d5 6. cxd5 Nxd5 7. d4 Nb6 8. Nc3 Nc6 9. e3 Re8 10. Re1 a5 11. h3 a4 12. d5 Bxc3 13. bxc3 Qxd5 14. Nd4 Qc5 15. Nxc6 bxc6 16. Qd4 Qxd4 17. cxd4 Bd7 18. Ba3 Nc4 19. Bb4 Rab8 20. a3 Rb6 21. Rac1 Be6 22. Rc2 Reb8 23. Rec1 Rxb4 24. axb4 Rxb4 25. Bf1 Na5 26. Ra1 Kf8 27. Ra3 Nc4 28. Rac3 Na5 29. Rc5 Nb3 30. Rxc6 a3 31. Ra6 Na1 32. Rc1 Nb3 33. Rd1 Bf5 34. Ra8+ Kg7 35. Rxa3 Bc2 36. Re1 1-0


[Site "https://www.chess.com"]

[Event "Titled Tuesday Blitz August 15 Early 2023"]
[White "Zhigalko, Sergei"]
[Black "Sreyas Payyappat"]
[WhiteFideId "13502956"]
[BlackFideId "46674969"]
[WhiteElo "2913"]
[BlackElo "2551"]
[Result "1-0"]
[Round "2"]
[TimeControl "180+1"]
[Date "2023.08.15"]
[WhiteClock "0:01:17"]
[BlackClock "0:00:38"]
[Board "40"]

1. e4 c6 2. d4 d5 3. e5 Bf5 4. Nf3 e6 5. Be2 Ne7 6. O-O Ng6 7. Ne1 h5 8. Bd3 Ne7 9. Nd2 Nd7 10. Ndf3 Qc7 11. c3 O-O-O 12. Ng5 f6 13. Bxf5 Nxf5 14. Nxe6 Qb6 15. Nxd8 Kxd8 16. Qf3 g6 17. e6 Nb8 18. Nd3 Bd6 19. Re1 Ke7 20. Bf4 Qc7 21. g3 h4 22. g4 Ng7 23. Re3 g5 24. Bxd6+ Qxd6 25. Rae1 Na6 26. Ne5 fxe5 27. Qf7+ 1-0


[Site "https://www.chess.com"]

[Event "Titled Tuesday Blitz August 15 Early 2023"]
[White "Postlmayer, Jakob"]
[Black "Demchenko, Anton"]
[WhiteFideId "1643622"]
[BlackFideId "4160258"]
[WhiteElo "2547"]
[BlackElo "2912"]
[Result "0-1"]
[Round "2"]
[TimeControl "180+1"]
[Date "2023.08.15"]
[WhiteClock "0:00:11"]
[BlackClock "0:01:34"]
[Board "41"]

1. d4 Nf6 2. Nf3 e6 3. c4 b6 4. a3 Bb7 5. Nc3 d5 6. cxd5 Nxd5 7. e3 Nd7 8. Bd3 g6 9. h4 h6 10. Qc2 Bg7 11. Bd2 c5 12. dxc5 O-O 13. cxb6 Nc5 14. Be2 Qxb6 15. O-O Rac8 16. Rac1 Nb3 17. Rcd1 Nxd2 18. Qxd2 Bxc3 19. bxc3 Nxc3 20. Rc1 Nxe2+ 21. Qxe2 Ba6 22. Qe1 Bxf1 23. Qxf1 Rxc1 24. Qxc1 Rb8 25. Qc3 Qd6 26. g3 Qd5 27. Kg2 a5 28. Qc2 Rb3 29. a4 Rb4 30. Qe2 Rxa4 31. Kh2 Ra2 0-1


[Site "https://www.chess.com"]

[Event "Titled Tuesday Blitz August 15 Early 2023"]
[White "Grigorjev, Iljya"]
[Black "Plotnikov, Pavel"]
[WhiteFideId "24159565"]
[BlackFideId "4170342"]
[WhiteElo "2908"]
[BlackElo "2546"]
[Result "1-0"]
[Round "2"]
[TimeControl "180+1"]
[Date "2023.08.15"]
[WhiteClock "0:00:22"]
[BlackClock "0:00:09"]
[Board "42"]

1. d4 Nf6 2. c4 g6 3. Nc3 Bg7 4. e4 d6 5. h3 O-O 6. Be3 e5 7. d5 Na6 8. g4 Nc5 9. f3 c6 10. b4 cxd5 11. cxd5 Ncd7 12. a3 a5 13. Bb5 Nb6 14. Nge2 Bd7 15. Bd3 Qc7 16. Rc1 axb4 17. Nb5 Qd8 18. axb4 Ne8 19. Nc7 Nxc7 20. Bxb6 Qh4+ 21. Bf2 Qd8 22. h4 Na6 23. Qd2 f5 24. g5 fxe4 25. fxe4 Rxf2 26. Kxf2 Qb6+ 27. Kg3 Qxb4 28. Qxb4 Nxb4 29. Bb1 Ra3+ 30. Rc3 Ra1 31. Rc7 Bb5 32. Nc3 Bd3 33. Rxb7 Ra3 34. Rb8+ Bf8 35. Rxb4 Rxc3 36. Bxd3 Rxd3+ 37. Kf2 Rd2+ 38. Ke3 Rg2 39. Rf1 Rg3+ 40. Rf3 Rxf3+ 41. Kxf3 Kf7 42. Rb7+ Be7 43. Ke2 Ke8 44. Kd3 Kf7 45. Kc4 Ke8 46. Kb5 Kf8 47. Kc6 h6 48. gxh6 Bxh4 49. Rb8+ Kf7 50. h7 Bf6 51. h8=Q Bxh8 52. Rxh8 g5 53. Kxd6 1-0


[Site "https://www.chess.com"]

[Event "Titled Tuesday Blitz August 15 Early 2023"]
[White "Mogirzan, Matei-Valeriu"]
[Black "Donchenko, Alexander"]
[WhiteFideId "1257455"]
[BlackFideId "24603295"]
[WhiteElo "2544"]
[BlackElo "2905"]
[Result "0-1"]
[Round "2"]
[TimeControl "180+1"]
[Date "2023.08.15"]
[WhiteClock "0:00:00"]
[BlackClock "0:00:41"]
[Board "43"]

1. e4 c5 2. Nf3 d6 3. d4 cxd4 4. Nxd4 Nf6 5. Nc3 a6 6. Bc4 e6 7. Bb3 Nbd7 8. O-O Nc5 9. Re1 Be7 10. Bg5 h6 11. Be3 O-O 12. Qf3 Qc7 13. Rad1 Rb8 14. Bc1 b5 15. Qg3 Kh8 16. Qh3 b4 17. Bxh6 gxh6 18. Qxh6+ Nh7 19. Nf5 exf5 20. Nd5 Qd8 21. e5 Nxb3 22. Rd3 Bg5 23. Qh5 f4 24. Nf6 Bxf6 25. Rxd6 Qe7 26. Rxf6 Nd4 27. Rh6 Bf5 28. Rd1 Bg6 29. Qh3 Rbd8 0-1


[Site "https://www.chess.com"]

[Event "Titled Tuesday Blitz August 15 Early 2023"]
[White "He, Anthony"]
[Black "Akhmetov, Ayan"]
[WhiteFideId "2088215"]
[BlackFideId "13703706"]
[WhiteElo "2904"]
[BlackElo "2544"]
[Result "1-0"]
[Round "2"]
[TimeControl "180+1"]
[Date "2023.08.15"]
[WhiteClock "0:00:45"]
[BlackClock "0:00:16"]
[Board "44"]

1. d4 e6 2. Nc3 d5 3. Bf4 Bd6 4. e3 Nf6 5. Nf3 O-O 6. Bd3 c5 7. dxc5 Bxc5 8. O-O Nc6 9. Qe2 Qe7 10. e4 d4 11. e5 dxc3 12. exf6 Qxf6 13. Bg5 Nd4 14. Nxd4 Qxg5 15. bxc3 Bd7 16. Qe4 g6 17. Qxb7 Rfd8 18. Nf3 Qf6 19. Rad1 Rab8 20. Qc7 Qxc3 21. Qf4 Bc6 22. Ng5 Be8 23. Ne4 Qd4 24. c3 Qd5 25. Nf6+ 1-0


[Site "https://www.chess.com"]

[Event "Titled Tuesday Blitz August 15 Early 2023"]
[White "Al-Tarboush, Ward"]
[Black "Galchenko, Matvey"]
[WhiteFideId "7601450"]
[BlackFideId "24175480"]
[WhiteElo "2543"]
[BlackElo "2895"]
[Result "0-1"]
[Round "2"]
[TimeControl "180+1"]
[Date "2023.08.15"]
[WhiteClock "0:01:40"]
[BlackClock "0:01:31"]
[Board "45"]

1. e4 c5 2. Nf3 g6 3. d4 cxd4 4. Qxd4 Nf6 5. e5 Nc6 6. Qa4 Nd5 7. Qe4 Nb6 8. Nc3 Bg7 9. Bf4 d5 10. exd6 O-O 11. dxe7 Nxe7 12. Rd1 Bxc3+ 13. bxc3 Ned5 14. c4 Re8 15. Be5 Bf5 16. Qe2 f6 17. cxd5 fxe5 18. g3 Rc8 19. Bg2 Rxc2 20. Qe3 Nc4 21. Qb3 Qa5+ 22. Kf1 Qc5 23. Nd2 Nxd2+ 24. Kg1 Nxb3 0-1


[Site "https://www.chess.com"]

[Event "Titled Tuesday Blitz August 15 Early 2023"]
[White "Kovalev, Vladislav"]
[Black "Toncheva, Nadya"]
[WhiteFideId "13504398"]
[BlackFideId "2924056"]
[WhiteElo "2886"]
[BlackElo "2543"]
[Result "1-0"]
[Round "2"]
[TimeControl "180+1"]
[Date "2023.08.15"]
[WhiteClock "0:00:55"]
[BlackClock "0:00:00"]
[Board "46"]

1. e4 c5 2. Nf3 d6 3. Bb5+ Bd7 4. Bxd7+ Qxd7 5. c4 Nc6 6. Nc3 g6 7. d4 cxd4 8. Nxd4 Bg7 9. Be3 Nf6 10. f3 O-O 11. O-O Rfe8 12. Rc1 Nxd4 13. Bxd4 Qc6 14. b3 Nd7 15. Bxg7 Kxg7 16. Qd4+ Kg8 17. Nd5 e6 18. Ne3 Qc5 19. Rfd1 Red8 20. Rd2 Ne5 21. Rcd1 Nc6 22. Qc3 a5 23. a4 Ne5 24. Kf1 h5 25. Nc2 Nc6 26. Nd4 Nxd4 27. Qxd4 Qxd4 28. Rxd4 Ra6 29. e5 d5 30. cxd5 exd5 31. Rxd5 Re8 32. Rb5 Rae6 33. f4 f6 34. Rxa5 fxe5 35. Rxe5 Rxe5 36. fxe5 Rxe5 37. Rd8+ Kf7 38. Rd7+ Kf6 39. Rxb7 Re3 40. a5 Rc3 41. a6 Rc2 42. a7 Ra2 43. b4 1-0


[Site "https://www.chess.com"]

[Event "Titled Tuesday Blitz August 15 Early 2023"]
[White "Yelisieiev, Yevhenii"]
[Black "Lysyj, Igor"]
[WhiteFideId "14139642"]
[BlackFideId "4150120"]
[WhiteElo "2542"]
[BlackElo "2880"]
[Result "1-0"]
[Round "2"]
[TimeControl "180+1"]
[Date "2023.08.15"]
[WhiteClock "0:00:04"]
[BlackClock "0:00:00"]
[Board "47"]

1. d4 d5 2. Nf3 Nf6 3. c4 e6 4. Nc3 Be7 5. Bg5 dxc4 6. e3 c5 7. dxc5 Qxd1+ 8. Rxd1 Nbd7 9. c6 bxc6 10. Bxc4 Nd5 11. Ne4 Bb4+ 12. Ke2 h6 13. Bh4 f5 14. Ned2 N7b6 15. Bd3 Na4 16. Nc4 Ba6 17. a3 Be7 18. Bxe7 Kxe7 19. Nfe5 Rhc8 20. Rd2 Rab8 21. Rc1 Nc5 22. b4 Nxd3 23. Nxd3 Nb6 24. Nce5 Bb5 25. Ke1 Na4 26. Nc5 Nxc5 27. Rxc5 Rc7 28. f4 Rb6 29. Rc1 Ba4 30. Rc4 Bb3 31. Rc5 Bd5 32. Ra5 Kf6 33. Kf2 g5 34. g3 h5 35. Rc2 h4 36. Rac5 hxg3+ 37. hxg3 Rh7 38. Ke1 Rh1+ 39. Kd2 Ra6 40. R2c3 Rh2+ 41. Kc1 gxf4 42. exf4 Rb6 43. Nxc6 Rb7 44. Ne5 Rh1+ 45. Kb2 Rbh7 46. Rc7 R1h2+ 47. Rc2 R2h3 48. Rxh7 Rxh7 49. Rc8 Rg7 50. Rf8+ Ke7 51. Rc8 Rxg3 52. Rc7+ Kd8 53. Rxa7 Rb3+ 54. Kc2 Rh3 55. Nf7+ Kc8 56. Ne5 Rh4 57. b5 Rxf4 58. b6 Re4 59. Rc7+ Kd8 60. Nf7+ 1-0


[Site "https://www.chess.com"]

[Event "Titled Tuesday Blitz August 15 Early 2023"]
[White "Bacrot, Etienne"]
[Black "Eynullayev, Altay"]
[WhiteFideId "605506"]
[BlackFideId "13413562"]
[WhiteElo "2874"]
[BlackElo "2541"]
[Result "0-1"]
[Round "2"]
[TimeControl "180+1"]
[Date "2023.08.15"]
[WhiteClock "0:00:13"]
[BlackClock "0:00:03"]
[Board "48"]

1. e4 c5 2. Nf3 d6 3. Bb5+ Nc6 4. O-O Bd7 5. Re1 Nf6 6. c3 a6 7. Bf1 Bg4 8. h3 Bxf3 9. Qxf3 g6 10. d3 Bg7 11. Nd2 O-O 12. Qd1 b5 13. Nf3 Nd7 14. d4 b4 15. Be3 Qa5 16. Qd3 Rab8 17. Qxa6 Qxa6 18. Bxa6 cxd4 19. cxd4 e5 20. d5 Nd4 21. Nxd4 exd4 22. Bf4 Rb6 23. Bf1 Nc5 24. e5 dxe5 25. Bxe5 Ra8 26. Bc4 Bxe5 27. Rxe5 Na4 28. Re2 Rc8 29. Bb3 Nc5 30. Rd1 d3 31. Red2 Rd6 32. Rc1 Rdd8 33. Bc4 Na4 34. b3 Nc3 35. Kh2 Nxd5 36. Rxd3 Nc3 37. Rxd8+ Rxd8 38. a4 Rd2 39. f3 Ra2 40. Re1 Kf8 41. Re5 h5 42. Kg3 f6 43. Re6 Kg7 44. Re7+ Kh6 45. h4 g5 46. hxg5+ fxg5 47. Re6+ Kg7 48. f4 gxf4+ 49. Kf3 Nd1 50. Re2 Ra1 51. Re1 Rc1 52. a5 Rc3+ 53. Kxf4 Nb2 54. Bd5 Nd3+ 55. Kg5 Nxe1 56. a6 Rc7 57. Bb7 Rc5+ 58. Kf4 Ra5 59. Ke3 Nxg2+ 60. Kd4 Nf4 61. Kc4 Ne6 62. Kxb4 Ra1 63. Kb5 Nc7+ 64. Kb6 Nxa6 65. Bxa6 Rb1 66. Bc4 Kf6 67. Kc5 Ke5 68. b4 h4 69. Bd3 Rb2 70. b5 h3 71. b6 h2 72. Be4 Kxe4 73. b7 Rxb7 74. Kc6 Rg7 75. Kd6 h1=Q 76. Ke6 Qh6# 0-1


[Site "https://www.chess.com"]

[Event "Titled Tuesday Blitz August 15 Early 2023"]
[White "Arutla, Aditya"]
[Black "Ozen, Deniz"]
[WhiteFideId "30961998"]
[BlackFideId "6349196"]
[WhiteElo "2541"]
[BlackElo "2866"]
[Result "0-1"]
[Round "2"]
[TimeControl "180+1"]
[Date "2023.08.15"]
[WhiteClock "0:00:01"]
[BlackClock "0:00:16"]
[Board "49"]

1. d4 Nf6 2. Bf4 Nh5 3. Bd2 Nf6 4. Bf4 d6 5. Nc3 Nbd7 6. e4 c5 7. d5 g6 8. Nf3 Qa5 9. Nd2 Bg7 10. Bd3 Nh5 11. Nc4 Qd8 12. Bd2 O-O 13. O-O Rb8 14. a4 Ne5 15. Be2 Nxc4 16. Bxc4 Kh8 17. a5 Qe8 18. a6 bxa6 19. b3 f5 20. exf5 gxf5 21. Bd3 f4 22. Qf3 Nf6 23. h3 Qh5 24. Qxh5 Nxh5 25. Bxa6 Bf5 26. Bc4 Bxc2 27. Rxa7 Bxb3 28. Bxb3 Rxb3 29. Ne4 Re8 30. Re1 Be5 31. Nxc5 Rb2 32. Ba5 Bd4 33. Raxe7 Rxe7 34. Rxe7 Bxf2+ 35. Kh1 Rb1+ 36. Be1 Bxe1 37. Rb7 Rd1 38. g4 fxg3 39. Ne4 Nf4 40. Rb8+ Kg7 41. Rb7+ Kh6 0-1


[Site "https://www.chess.com"]

[Event "Titled Tuesday Blitz August 15 Early 2023"]
[White "Grebeniuk, Semen"]
[Black "Durarbayli, Vasif"]
[WhiteFideId "14117509"]
[BlackFideId "13402935"]
[WhiteElo "2539"]
[BlackElo "2850"]
[Result "0-1"]
[Round "2"]
[TimeControl "180+1"]
[Date "2023.08.15"]
[WhiteClock "0:00:43"]
[BlackClock "0:01:32"]
[Board "50"]

1. d4 Nf6 2. Nf3 c5 3. e3 g6 4. b3 Bg7 5. Bb2 O-O 6. Nbd2 b6 7. dxc5 bxc5 8. Bd3 Bb7 9. O-O d5 10. Qe2 Nc6 11. a3 Qc7 12. Rfd1 e5 13. e4 Nd4 14. Bxd4 cxd4 15. Rac1 Rfe8 16. exd5 Nxd5 17. Qf1 Nc3 18. Re1 e4 19. Bb5 Nxb5 20. Qxb5 Bc6 21. Qc4 exf3 22. Rxe8+ Rxe8 23. Nxf3 Qf4 24. Re1 Rxe1+ 25. Nxe1 Qc1 26. Kf1 Bd7 27. f3 Qxa3 28. Nd3 Bf5 29. Nc5 Qc1+ 30. Kf2 Qxc2+ 0-1


[Site "https://www.chess.com"]

[Event "Titled Tuesday Blitz August 15 Early 2023"]
[White "Ter-Sahakyan, Samvel"]
[Black "Jaskolka, Tomasz"]
[WhiteFideId "13302531"]
[BlackFideId "1170791"]
[WhiteElo "2845"]
[BlackElo "2539"]
[Result "1-0"]
[Round "2"]
[TimeControl "180+1"]
[Date "2023.08.15"]
[WhiteClock "0:00:38"]
[BlackClock "0:00:02"]
[Board "51"]

1. e4 d5 2. exd5 Nf6 3. Bb5+ Nbd7 4. Nf3 a6 5. Be2 Nxd5 6. O-O e6 7. d4 b5 8. a4 b4 9. Bd3 Be7 10. Nbd2 Bb7 11. Nb3 O-O 12. Qe2 N7f6 13. Ne5 Nd7 14. Na5 Nxe5 15. Nxb7 Qc8 16. dxe5 Qxb7 17. a5 Rfd8 18. Bd2 Bc5 19. Rfe1 Qc6 20. h4 Ne7 21. Be4 Nd5 22. Bg5 Re8 23. Rad1 h6 24. Bc1 Rad8 25. Qg4 Kf8 26. Rd3 Ke7 27. Rf3 Rg8 28. Bh7 Qb5 29. Bxg8 Rxg8 30. Bxh6 Qxa5 31. Bxg7 b3 32. c3 Kd7 33. Rxf7+ Kc6 34. Qxe6+ Kb7 35. Qxd5+ Ka7 36. Qf3 Qb6 37. e6 a5 38. e7 Qb5 39. Bf8 Qe8 40. Rf5 Bd6 41. Rxa5+ Kb6 42. Rf5 Bc5 43. Rxc5 Kxc5 44. Re5+ Kd6 45. Qd5# 1-0


[Site "https://www.chess.com"]

[Event "Titled Tuesday Blitz August 15 Early 2023"]
[White "Gontcharov, Vladislav"]
[Black "Lagarde, Maxime"]
[WhiteFideId "4123492"]
[BlackFideId "662399"]
[WhiteElo "2539"]
[BlackElo "2833"]
[Result "0-1"]
[Round "2"]
[TimeControl "180+1"]
[Date "2023.08.15"]
[WhiteClock "0:00:00"]
[BlackClock "0:01:32"]
[Board "52"]

1. d4 Nc6 2. Nf3 d6 3. e4 Nf6 4. Nc3 g6 5. h3 Bg7 6. Be3 O-O 7. Be2 e5 8. d5 Ne7 9. g4 c6 10. dxc6 bxc6 11. Qd2 Qc7 12. g5 Nh5 13. Bc4 Be6 14. Bb3 Rad8 15. Qe2 d5 16. Bc5 Nf4 17. Qf1 d4 18. Na4 Bxb3 19. axb3 d3 20. O-O-O Rd7 21. c4 Rb8 22. b4 Nc8 23. Ne1 Qd8 24. Rd2 Nb6 25. Nxb6 axb6 26. Be3 b5 27. Bxf4 bxc4 28. Be3 Rxb4 29. Nf3 Qa5 30. Rd1 Rxb2 0-1


[Site "https://www.chess.com"]

[Event "Titled Tuesday Blitz August 15 Early 2023"]
[White "Timofeev, Artyom"]
[Black "ArtemDyachuk"]
[WhiteFideId "4140419"]
[WhiteElo "2833"]
[BlackElo "2538"]
[Result "1-0"]
[Round "2"]
[TimeControl "180+1"]
[Date "2023.08.15"]
[WhiteClock "0:01:34"]
[BlackClock "0:00:01"]
[Board "53"]

1. c4 Nf6 2. Nc3 e5 3. e3 Nc6 4. a3 g6 5. Nf3 Bg7 6. d3 O-O 7. Be2 d5 8. cxd5 Nxd5 9. Qc2 Re8 10. O-O Be6 11. Ne4 Nb6 12. Rb1 a5 13. b3 Nd7 14. Bb2 Qe7 15. Rfe1 h6 16. Rbc1 Ra6 17. Ned2 Rc8 18. d4 Raa8 19. Bb5 exd4 20. Bxc6 bxc6 21. Nxd4 Bd5 22. e4 Be6 23. Nxc6 Qe8 24. Bxg7 Kxg7 25. Nf3 Ra6 26. Qc3+ Kh7 27. Nfd4 Nb8 28. Nxb8 Rxb8 29. f4 Rd6 30. f5 Bc8 31. e5 Rd5 32. e6 f6 33. Qxc7+ Bd7 1-0


[Site "https://www.chess.com"]

[Event "Titled Tuesday Blitz August 15 Early 2023"]
[White "Grossboss19"]
[Black "Pakleza, Zbigniew"]
[BlackFideId "1119290"]
[WhiteElo "2537"]
[BlackElo "2826"]
[Result "1/2-1/2"]
[Round "2"]
[TimeControl "180+1"]
[Date "2023.08.15"]
[WhiteClock "0:00:09"]
[BlackClock "0:00:05"]
[Board "54"]

1. Nf3 d5 2. d4 c6 3. g3 Nf6 4. Bg2 Bf5 5. O-O e6 6. c4 Nbd7 7. Nh4 Be4 8. f3 Bxb1 9. Rxb1 h6 10. f4 Be7 11. Nf3 dxc4 12. Nd2 Nb6 13. e3 Nfd5 14. Nf3 c5 15. e4 Nb4 16. a3 Nd3 17. Be3 cxd4 18. Bxd4 e5 19. fxe5 Bc5 20. Bxc5 Nxc5 21. Qe2 O-O 22. Rfd1 Qe7 23. Qe3 Nd3 24. Bf1 Nxe5 25. Nh4 Qg5 26. Qxg5 hxg5 27. Nf5 Rfd8 28. Kf2 g6 29. Ne3 Kf8 30. Rbc1 Rac8 31. Be2 Rxd1 32. Rxd1 Ke7 33. Rc1 f6 34. h4 gxh4 35. gxh4 Nd3+ 36. Bxd3 cxd3 37. Rd1 Rd8 38. Ke1 Ke6 39. Kd2 Ke5 40. Rf1 Kxe4 41. Rxf6 Rh8 42. Re6+ Kd4 43. Rd6+ Kc5 44. Rxg6 Rxh4 45. Kxd3 Rh3 46. Rg5+ Kc6 47. Rg6+ Kb5 48. Kd4 Ka4 49. Rg7 Rh4+ 50. Kd3 Rh3 51. Kd4 Kb3 52. Rxb7 Kxb2 53. Nc4+ Ka2 54. Nxb6 axb6 55. Rxb6 Kxa3 56. Kc5 Ka4 57. Ra6+ Kb3 58. Rb6+ Kc3 59. Kc6 Kc4 60. Kb7 Kc5 61. Rb1 Rh7+ 62. Kc8 Rh6 63. Rc1+ Kb6 64. Rb1+ Kc6 65. Rc1+ Kb6 66. Rb1+ Kc6 67. Rc1+ Kb6 1/2-1/2


[Site "https://www.chess.com"]

[Event "Titled Tuesday Blitz August 15 Early 2023"]
[White "Putnam, Liam"]
[Black "MaryanKyrychenko"]
[WhiteFideId "30938279"]
[WhiteElo "2824"]
[BlackElo "2536"]
[Result "0-1"]
[Round "2"]
[TimeControl "180+1"]
[Date "2023.08.15"]
[WhiteClock "0:00:43"]
[BlackClock "0:00:12"]
[Board "55"]

1. e4 c5 2. Nf3 d6 3. c3 Nf6 4. h3 g6 5. Be2 Bg7 6. O-O O-O 7. d3 Nc6 8. Re1 b5 9. d4 a6 10. a4 b4 11. Bd3 Bb7 12. Be3 Nd7 13. Nbd2 Qc7 14. Rc1 a5 15. Bb5 Rac8 16. Nb3 bxc3 17. bxc3 Na7 18. Bxd7 Qxd7 19. dxc5 Bxe4 20. cxd6 exd6 21. Nc5 Rxc5 22. Bxc5 Bxf3 23. Qxd6 Qxd6 24. Bxd6 Bd5 25. Bxf8 Bxf8 26. Rcd1 Bb3 27. Rd8 Kg7 28. Ree8 Bc5 29. Rg8+ Kh6 30. Rb8 Bxa4 31. Rgc8 Bd6 32. Rd8 Bxb8 33. Rxb8 Nc6 34. Rb6 Ne5 35. Kf1 Nc4 36. Rb8 Bc2 37. Ke2 a4 38. Ra8 a3 39. h4 Bb1 40. Kd1 a2 41. Kc1 Kh5 42. Ra4 Ne5 43. f3 f5 44. Kb2 Nd3+ 45. Ka1 Ne1 46. g4+ fxg4 47. fxg4+ Kxh4 48. Kb2 Nc2 49. c4 a1=Q+ 50. Rxa1 Nxa1 51. c5 Be4 52. Kxa1 Kxg4 53. Kb2 Bc6 54. Kc3 h5 55. Kd4 h4 56. Ke5 h3 57. Kd6 Bf3 58. c6 Bxc6 59. Kxc6 h2 60. Kd6 h1=Q 61. Ke6 Kh5 62. Kf6 g5 63. Kg7 g4 0-1


[Site "https://www.chess.com"]

[Event "Titled Tuesday Blitz August 15 Early 2023"]
[White "Toropov, Pavel"]
[Black "Salinas Herrera, Pablo"]
[WhiteFideId "24129178"]
[BlackFideId "3407128"]
[WhiteElo "2535"]
[BlackElo "2822"]
[Result "0-1"]
[Round "2"]
[TimeControl "180+1"]
[Date "2023.08.15"]
[WhiteClock "0:00:00"]
[BlackClock "0:01:40"]
[Board "56"]

1. e4 c5 2. Nf3 e6 3. d4 cxd4 4. Nxd4 a6 5. Nc3 Qc7 6. Qf3 d6 7. Qg3 Nd7 8. f4 g6 9. f5 Ne5 10. fxe6 fxe6 11. Bg5 Bg7 12. O-O-O Nf6 13. Qh3 Qe7 14. Be2 O-O 15. Rhf1 Bd7 16. Rf2 Nf7 17. Bh4 Rac8 18. Rdf1 g5 19. Bg3 Rxc3 20. bxc3 Nxe4 21. Rxf7 Rxf7 22. Rxf7 Qxf7 23. Bd3 e5 24. Bc4 d5 25. Bxd5 Qxd5 26. Qh5 exd4 0-1


[Site "https://www.chess.com"]

[Event "Titled Tuesday Blitz August 15 Early 2023"]
[White "Maksimovic, Bojan"]
[Black "Garagulya, Konstantin"]
[WhiteFideId "14408120"]
[BlackFideId "4128931"]
[WhiteElo "2820"]
[BlackElo "2534"]
[Result "1-0"]
[Round "2"]
[TimeControl "180+1"]
[Date "2023.08.15"]
[WhiteClock "0:00:04"]
[BlackClock "0:00:00"]
[Board "57"]

1. e4 c5 2. Nf3 a6 3. c3 d5 4. exd5 Qxd5 5. d4 Nf6 6. Be3 cxd4 7. cxd4 e6 8. Nc3 Qd6 9. Bd3 Nc6 10. O-O Be7 11. Ne4 Qd5 12. Qb1 h6 13. Rd1 O-O 14. Nxf6+ Bxf6 15. Be4 Qd6 16. d5 exd5 17. Bxd5 Qc7 18. Qe4 Bd7 19. Rac1 Rfe8 20. Qc2 Be6 21. Bxc6 Qxc6 22. Qxc6 bxc6 23. b3 Bd5 24. Bd4 Bxf3 25. gxf3 Re6 26. Be3 a5 27. Rc4 h5 28. Rdc1 Ra6 29. Ra4 Bd8 30. b4 Rf6 31. Kg2 Rg6+ 32. Kf1 Rf6 33. Ke2 Rg6 34. bxa5 Rxa5 35. Rxa5 Bxa5 36. Rc5 Bb4 37. Rxh5 c5 38. Bxc5 Bxc5 39. Rxc5 Ra6 40. Rc2 Ra3 41. f4 g6 42. Kd1 Kg7 43. Kc1 Kf6 44. Kb2 Rf3 45. a4 Rxf4 46. Kb3 Rh4 47. a5 Rxh2 48. a6 Rh8 49. a7 Ra8 50. Rc7 Ke6 51. Kc4 g5 52. Kd4 f5 53. Rc6+ Kd7 54. Ra6 1-0


[Site "https://www.chess.com"]

[Event "Titled Tuesday Blitz August 15 Early 2023"]
[White "Molina, Roberto Junio Brito"]
[Black "Benedetti, Julio"]
[WhiteFideId "2109450"]
[BlackFideId "172545"]
[WhiteElo "2807"]
[BlackElo "2534"]
[Result "1-0"]
[Round "2"]
[TimeControl "180+1"]
[Date "2023.08.15"]
[WhiteClock "0:01:04"]
[BlackClock "0:00:00"]
[Board "58"]

1. d4 Nf6 2. c4 c5 3. d5 b5 4. cxb5 a6 5. b6 d6 6. Nc3 g6 7. e4 Nbd7 8. Nf3 Qxb6 9. Be2 Bg7 10. O-O O-O 11. Nd2 a5 12. a4 Ba6 13. Re1 Ne5 14. Bb5 Bxb5 15. axb5 Ne8 16. Qe2 Nc7 17. f4 c4+ 18. Kf1 Nd3 19. Nxc4 Qd4 20. Rd1 Nxc1 21. Raxc1 Qc5 22. Na4 Qxb5 23. Ncb6 Ra7 24. Rc6 Rb8 25. Rdc1 Qxe2+ 26. Kxe2 Ne8 27. Rc8 Rab7 28. Rxb8 Rxb8 29. Rc8 Rxc8 30. Nxc8 Bd4 31. Nxe7+ Kf8 32. Nc6 Bg1 33. h3 Nc7 34. Nxa5 f5 35. Kf3 Nb5 36. exf5 gxf5 37. g4 Kf7 38. Nc6 Kf6 39. Nc3 Nc7 40. g5+ 1-0


[Site "https://www.chess.com"]

[Event "Titled Tuesday Blitz August 15 Early 2023"]
[White "Ginzburg, Yakov"]
[Black "Mekhitarian, Krikor Sevag"]
[WhiteFideId "4157176"]
[BlackFideId "2107660"]
[WhiteElo "2532"]
[BlackElo "2799"]
[Result "0-1"]
[Round "2"]
[TimeControl "180+1"]
[Date "2023.08.15"]
[WhiteClock "0:00:00"]
[BlackClock "0:00:40"]
[Board "59"]

1. d4 Nf6 2. c4 g6 3. Nf3 Bg7 4. Nc3 d5 5. cxd5 Nxd5 6. e4 Nxc3 7. bxc3 c5 8. Rb1 O-O 9. Be2 Qc7 10. O-O b6 11. Bg5 Bb7 12. Qd3 Ba6 13. Qe3 Bxe2 14. Qxe2 Nc6 15. Rbd1 Rad8 16. Qe3 Na5 17. Bh6 Nc4 18. Qc1 b5 19. Rfe1 a6 20. Qg5 f6 21. Qh4 e5 22. d5 Nd6 23. Bxg7 Kxg7 24. Qg4 Qd7 25. Qg3 a5 26. h4 h5 27. Rd3 b4 28. Rc1 Rc8 29. Nxe5 fxe5 30. Qxe5+ Kh7 31. Rg3 Rce8 32. Qg5 Qf7 33. e5 Ne4 34. Qe3 Nxg3 35. Qxg3 Qxd5 36. Re1 Rf5 37. f4 bxc3 38. Rf1 Qd4+ 39. Kh2 Rexe5 40. Rb1 Qxf4 41. Rb7+ Kh6 42. Qxf4+ Rxf4 43. g4 Rxg4 0-1


[Site "https://www.chess.com"]

[Event "Titled Tuesday Blitz August 15 Early 2023"]
[White "Williams, Simon K"]
[Black "Gan-Od, Sereenen"]
[WhiteFideId "404454"]
[BlackFideId "4901304"]
[WhiteElo "2531"]
[BlackElo "2776"]
[Result "1/2-1/2"]
[Round "2"]
[TimeControl "180+1"]
[Date "2023.08.15"]
[WhiteClock "0:00:25"]
[BlackClock "0:00:18"]
[Board "60"]

1. d4 Nf6 2. Nc3 d5 3. Bf4 a6 4. e3 b5 5. h4 Bg4 6. f3 Bd7 7. g4 b4 8. Nce2 e6 9. h5 h6 10. Nc1 a5 11. Nd3 Bb5 12. Ne5 Bxf1 13. Kxf1 Nbd7 14. Ne2 c5 15. c3 Nxe5 16. dxe5 Nd7 17. Qc2 Nb6 18. Rd1 Qc7 19. e4 Be7 20. exd5 Nxd5 21. Qe4 Rd8 22. Kg2 O-O 23. c4 Nxf4+ 24. Nxf4 Rd7 25. Rxd7 Qxd7 26. Qd3 Qa4 27. Qb3 Qc6 28. Rd1 Bg5 29. Nh3 Be7 30. Nf2 f5 31. exf6 Bxf6 32. Ne4 Bd4 33. Qc2 a4 34. b3 a3 35. Qe2 Qc7 36. Nf2 Rf6 37. Ne4 Rf7 38. Ng3 Qf4 39. Qe4 Qf6 40. Ne2 e5 41. Ng3 Qf4 42. Qxf4 Rxf4 43. Re1 Kf7 44. Re4 Kf6 45. Rxf4+ exf4 46. Ne4+ Ke6 47. Kf1 Ke5 48. Ke2 Bg1 49. Kd3 Bd4 50. Nd2 Be3 51. Ne4 Bd4 52. Nd2 Be3 53. Ne4 Bd4 1/2-1/2


[Site "https://www.chess.com"]

[Event "Titled Tuesday Blitz August 15 Early 2023"]
[White "Urbina Perez, Juan Antonio"]
[Black "Flores, Diego"]
[WhiteFideId "2217368"]
[BlackFideId "108049"]
[WhiteElo "2529"]
[BlackElo "2776"]
[Result "0-1"]
[Round "2"]
[TimeControl "180+1"]
[Date "2023.08.15"]
[WhiteClock "0:01:01"]
[BlackClock "0:00:18"]
[Board "61"]

1. d4 d6 2. e4 Nf6 3. f3 c5 4. Ne2 cxd4 5. Nxd4 e5 6. Nb3 Nc6 7. Nc3 Be7 8. Be3 Be6 9. Qd2 a5 10. a4 O-O 11. Nd5 Bxd5 12. exd5 Nb4 13. c4 Nd7 14. Bd3 b6 15. O-O Nc5 16. Bc2 f5 17. Nc1 g6 18. Nd3 Nbxd3 19. Bxd3 Nb3 20. Qf2 Nxa1 21. Rxa1 Rb8 22. b3 e4 23. Bc2 f4 24. Bd4 e3 25. Qe2 Bf6 26. Rd1 Bxd4 27. Rxd4 Qf6 28. Re4 Rbe8 29. h3 Rxe4 30. Bxe4 Qa1+ 31. Kh2 Qc3 32. g3 Qd2 33. Bd3 g5 34. g4 Kg7 35. h4 h6 36. h5 Kf6 37. Kg2 Qxe2+ 38. Bxe2 Ke5 39. Kf1 Kd4 40. Ke1 Kc3 41. Bd1 Re8 42. Ke2 Re5 0-1


[Site "https://www.chess.com"]